 Dungeon Sprint DCSS version 0.17-a0-1399-gd5b76e1 (webtiles) character file.

49668 Kidiri the Imperceptible (level 13, -5/55 HPs)
             Began as a Spriggan Enchanter on June 19, 2015.
             Was the Champion of Dithmenos.
             Slain by the 27-headed Lernaean hydra (7 damage)
             ... in the Dungeon (Sprint III: "The Ten Rune Challenge").
             The game lasted 00:42:55 (5087 turns).

Kidiri the Imperceptible (Spriggan Enchanter)       Turns: 5087, Time: 00:42:55

Health: -5/55      AC:  5    Str:  4    XL:     13   Next: 54%
Magic:  0/36       EV: 31    Int: 19    God:    Dithmenos [******]
Gold:   9330       SH:  0    Dex: 19    Spells: 11 memorised, 11 levels left

rFire  . . .     SeeInvis +     y - +0 rapier
rCold  . . .     Clarity  .     p - +2 robe {Archmagi}
rNeg   . . .     SustAt   .     (shield restricted)
rPois  +         Gourm    .     k - +1 hat {Spirit}
rElec  .         Spirit   +     (no cloak)
rCorr  .         Warding  .     (gloves unavailable)
rMut   .         NoTele   +     (boots unavailable)
MR     ++...                    (no amulet)
Stlth  ++++++++++               (no ring)
                                (no ring)

@: wreathed by umbra, drained, very quick, very resistant to hostile
enchantments, uncannily stealthy
A: unfitting armour, antennae 1, see invisible, deterioration 1, herbivore 3,
speed 3, poison resistance, screaming 1, slow metabolism 2, MP-powered wands
a: Shadow Step, Shadow Form, Renounce Religion
}: 1/10 runes: serpentine


You were in the Dungeon.
You worshipped Dithmenos.
Dithmenos was exalted by your worship.
You were not hungry.

You visited 1 branch You collected 11010 gold pieces.
You spent 1680 gold pieces at shops.

Inventory:

Hand weapons
 a - a +1 dagger
 y - a +0 rapier (weapon)
Missiles
 b - 10 throwing nets (quivered)
Armour
 k - a +1 hat of spirit shield (worn)
 p - a +2 robe of the Archmagi (worn)
 u - a +1 robe of positive energy
 w - a +0 robe of fire resistance
 z - the +6 fire dragon armour of Toywnuij {*Drain rElec rF++ rC- rCorr Int+2}
   (You bought it in a shop in the Dungeon)

   It affects your intelligence (+2).
   It greatly protects you from fire.
   It makes you vulnerable to cold.
   It insulates you from electricity.
   It protects you from acid and corrosion.
   It causes draining when unequipped.
Magical devices
 t - a wand of confusion (7)
Scrolls
 j - a scroll of blinking
 m - a scroll of holy word {unknown}
 o - 2 scrolls of remove curse {unknown}
 s - a scroll of immolation {unknown}
Potions
 e - 3 potions of curing
 f - 2 potions of might
 g - a potion of haste
 h - 3 potions of magic
 i - a potion of berserk rage
 q - 2 potions of agility
 r - 2 potions of flight
 x - a potion of heal wounds
Books
 c - a book of Maledictions

   Spells                             Type                      Level
   a - Corona                         Hexes                        1
   b - Ensorcelled Hibernation        Hexes/Ice                    2
   c - Confuse                        Hexes                        3
   d - Tukima's Dance                 Hexes                        3
   e - Dazzling Spray                 Conjuration/Hexes            3
 l - a Grand Grimoire {highlevel, unknown}

   This book is beyond your current level of understanding.

   Spells                             Type                      Level
   a - Monstrous Menagerie            Summoning                    6
   b - Summon Greater Demon           Summoning                    7
   c - Malign Gateway                 Summoning/Translocation      7
   d - Summon Horrible Things         Summoning                    8
 n - a book of the Warp

   Spells                             Type                      Level
   a - Recall                         Summoning/Translocation      3
   b - Gell's Gravitas                Hexes/Translocation          3
   c - Force Lance                    Conjuration/Translocation    4
   d - Phase Shift                    Translocation                5
   e - Warp Weapon                    Charms/Translocation         5
   f - Summon Forest                  Summoning/Translocation      5
Comestibles
 d - 3 bread rations
 v - 28 royal jellies


   Skills:
 + Level 12.5(11.1) Short Blades
 * Level 0.0 Armour
 + Level 15.9(14.3) Dodging
 * Level 22.7(20.9) Stealth
 * Level 18.3(16.7) Spellcasting
 + Level 8.7(7.5) Conjurations
 + Level 13.8(12.3) Hexes
 + Level 11.0(9.6) Charms
 + Level 8.6(7.3) Summonings
 + Level 13.8(12.4) Translocations
 + Level 9.6(8.3) Ice Magic


You had 11 spell levels left.
You knew the following spells:

 Your Spells              Type           Power        Failure   Level  Hunger
a - Corona                Hex            #######      1%          1    None
b - Ensorcelled Hibernat  Hex/Ice        ######       1%          2    None
c - Confuse               Hex            #######.     1%          3    None
d - Tukima's Dance        Hex            #######.     1%          3    None
e - Dazzling Spray        Conj/Hex       ######..     1%          3    None
f - Gell's Gravitas       Hex/Tloc       #######...   1%          3    None
g - Recall                Summ/Tloc      N/A          1%          3    None
h - Force Lance           Conj/Tloc      ######..     1%          4    None
i - Phase Shift           Tloc           #######...   1%          5    ###....
j - Summon Forest         Summ/Tloc      ######....   1%          5    ###....
k - Warp Weapon           Chrm/Tloc      ######....   1%          5    ###....


Dungeon Overview and Level Annotations

Branches:
Dungeon (1/1)

Altars:
Cheibriados
Dithmenos
Elyvilon
Fedhas
Gozag
Kikubaaqudgha
Makhleb
Nemelex Xobeh
Okawaru
Qazlal
Ru
Sif Muna
Trog
Vehumet
Xom
Yredelemnul
Zin
The Shining One
Jiyva
Lugonu

Shops:
D [!:*}%[

Annotations:
D Jessica, Lernaean hydra


Innate Abilities, Weirdness & Mutations

You are tiny and cannot use many weapons and most armour.
You have supernaturally acute eyesight.
You are a herbivore.
You cover ground extremely quickly.
You need consume almost no food.
You have a pair of small antennae on your head.
Your body sometimes deteriorates upon taking damage.
Your system is resistant to poisons.
You occasionally shout uncontrollably at your foes.
You expend magic power (3 MP) to strengthen your wands.


Message History

The 27-headed Lernaean hydra bites you!
You emit a cloud of dark smoke.
The 27-headed Lernaean hydra completely misses you. x2
The 27-headed Lernaean hydra bites you.
The 27-headed Lernaean hydra bites you but does no damage.
The 27-headed Lernaean hydra bites you. x2
The 27-headed Lernaean hydra bites you!
You emit a cloud of dark smoke.
The 27-headed Lernaean hydra bites you!
* * * LOW HITPOINT WARNING * * *
The 27-headed Lernaean hydra bites you!
* * * LOW HITPOINT WARNING * * *
You emit a cloud of dark smoke.
The 27-headed Lernaean hydra bites you.
* * * LOW HITPOINT WARNING * * *
The 27-headed Lernaean hydra bites you!
* * * LOW HITPOINT WARNING * * *
You emit a cloud of dark smoke.
The 27-headed Lernaean hydra misses you.
The 27-headed Lernaean hydra bites you but does no damage.
The 27-headed Lernaean hydra barely misses you.
The 27-headed Lernaean hydra bites you!
You die...

.....###.♣♣
#§
......##♣.♣
#§ ####..#
♣.♣♣ #####
#§ ..[...#
♣♣.♣ ..≈φ#
#§ .....##
♣.♣♣ .DP.#
#. ######
♣.♣♣ ..D.#
#. .....##
♣.%♣♣#.≈.#
......#
♣♣≈♣♣.####♣♣
####..#
♣♣.♣♣§D@§§♣
).....#
♣♣..♣♣♣♣♣♣§♣
.)...##
♣...[...≈§≈♣
#######
♣......§..≈♣
......#
♣.♣...≈.≈≈.♣
......#
♣♣♣♣♣♣♣♣∩∩∩♣
#######
♣♣♣♣♣


You could see the 27-headed Lernaean hydra.

Vanquished Creatures
  Sigmund (D)
  Rupert (D)
  Gastronok (D)
  A greater naga (D)
  Maud (D)
  2 dire elephants (D)
  2 hydras (D)
  4 anacondas (D)
  Erolcha (D)
  A naga warrior (D)
  3 death yaks (D)
  A deep elf knight (D)
  5 swamp dragons (D)
  A death drake (D)
  3 deep elf summoners (D)
  An orc sorcerer (D)
  A deep elf conjurer (D)
  2 orc knights (D)
  A lindwurm (D)
  2 elephants (D)
  4 black mambas (D)
  A guardian serpent (D)
  Edmund (D)
  2 spiny frogs (D)
  A komodo dragon (D)
  A fire drake (D)
  3 wandering mushrooms (D)
  A deep elf priest (D)
  8 blink frogs (D)
  A queen bee (D)
  An orc high priest (D)
  A shadow (D)
  4 redbacks (D)
  2 trapdoor spiders (D)
  2 nagas (D)
  2 hill giants (D)
  A spatial vortex (D)
  A water moccasin (D)
  3 swamp drakes (D)
  A necrophage (D)
  An orc warrior (D)
  2 brain worms (D)
  3 two-headed ogres (D)
  A water elemental (D)
  A scorpion (D)
  32 killer bees (D)
  An electric eel (D)
  A jelly (D)
  3 orc priests (D)
  A wizard (D)
  3 orc wizards (D)
  A necromancer (D)
  A kobold demonologist (D)
  3 humans (D)
  5 adders (D)
  An ooze (D)
  9 orcs (D)
  2 rats (D)
  2 plants (D)
149 creatures vanquished.

Vanquished Creatures (others)
  2 deep elf blademasters (D)
  2 draconian scorchers (D)
  Nessos (D)
  A death yak (D)
  A shadow wraith (D)
  A skeletal warrior (D)
  5 ball lightnings (D)
  3 yaktaurs (D)
  4 spriggan defenders (D)
  An orc high priest (D)
  An electric eel (D)
  7 giant spores (D)
  24 ballistomycetes (D)
  2 bushes (D)
  29 plants (D)
84 creatures vanquished.

Grand Total: 233 creatures vanquished

Notes
Turn   | Place    | Note
--------------------------------------------------------------
     0 | D        | Kidiri the Spriggan Enchanter began the quest for the Orb.
     0 | D        | Reached XP level 1. HP: 9/9 MP: 5/5
     7 | D        | Reached skill level 5 in Stealth
    18 | D        | Noticed Jessica
    69 | D        | Noticed a scorpion
    76 | D        | Killed a scorpion
    76 | D        | Reached skill level 7 in Stealth
    76 | D        | Reached skill level 5 in Spellcasting
    76 | D        | Reached XP level 2. HP: 13/13 MP: 6/9
    76 | D        | Reached XP level 3. HP: 16/16 MP: 6/10
    81 | D        | Learned a level 2 spell: Ensorcelled Hibernation
    85 | D        | Learned a level 3 spell: Confuse
    89 | D        | Learned a level 3 spell: Tukima's Dance
    90 | D        | Killed a yaktaur
    93 | D        | Learned a level 3 spell: Dazzling Spray
   109 | D        | Gained mutation: Your system is resistant to poisons. [potion of mutation]
   109 | D        | Gained mutation: You have a pair of small antennae on your head. [potion of mutation]
   109 | D        | Gained mutation: You expend magic power (3 MP) to strengthen your wands. [potion of mutation]
   110 | D        | Gained mutation: Your body sometimes deteriorates upon taking damage. [potion of mutation]
   110 | D        | Gained mutation: You occasionally shout uncontrollably at your foes. [potion of mutation]
   134 | D        | Reached skill level 5 in Dodging
   134 | D        | Reached skill level 5 in Hexes
   134 | D        | Reached XP level 4. HP: 19/21 MP: 4/12
   202 | D        | Noticed a water elemental
   205 | D        | Killed a water elemental
   205 | D        | Reached skill level 9 in Stealth
   205 | D        | Reached skill level 1 in Conjurations
   205 | D        | Reached skill level 1 in Ice Magic
   215 | D        | Noticed a jelly
   216 | D        | Noticed a shadow
   300 | D        | Killed a white draconian scorcher
   364 | D        | Killed a white draconian scorcher
   526 | D        | Killed a shadow
   526 | D        | Reached skill level 5 in Short Blades
   526 | D        | Reached skill level 10 in Stealth
   526 | D        | Reached XP level 5. HP: 24/24 MP: 9/16
   526 | D        | Reached XP level 6. HP: 28/28 MP: 9/17
   565 | D        | Found a radiant altar of Vehumet.
   565 | D        | Found a deep blue altar of Sif Muna.
   565 | D        | Noticed a wizard
   566 | D        | Noticed a human
   567 | D        | Found a glowing silver altar of Zin.
   567 | D        | Noticed a human
   568 | D        | Found a bloodstained altar of Trog.
   570 | D        | Found an iron altar of Okawaru.
   571 | D        | Found an ancient bone altar of Kikubaaqudgha.
   572 | D        | Killed a wizard
   574 | D        | Reached skill level 11 in Stealth
   587 | D        | Found a glowing golden altar of the Shining One.
   587 | D        | Found a white marble altar of Elyvilon.
   587 | D        | Noticed a deep elf priest
   589 | D        | Killed a deep elf priest
   589 | D        | Reached skill level 12 in Stealth
   589 | D        | Reached XP level 7. HP: 32/32 MP: 15/20
   591 | D        | Killed a human
   599 | D        | Killed a human
   599 | D        | Reached skill level 13 in Stealth
   599 | D        | Reached skill level 10 in Spellcasting
   624 | D        | Learned a level 3 spell: Gell's Gravitas
   628 | D        | Learned a level 3 spell: Recall
   633 | D        | Learned a level 4 spell: Force Lance
   669 | D        | Found a basalt altar of Yredelemnul.
   669 | D        | Found a snail-covered altar of Cheibriados.
   669 | D        | Found a blossoming altar of Fedhas.
   669 | D        | Noticed a necrophage
   669 | D        | Noticed a necromancer
   671 | D        | Killed a necrophage
   671 | D        | Reached skill level 1 in Translocations
   672 | D        | Killed a necromancer
   698 | D        | Killed a jelly
   709 | D        | Found a stormy altar of Qazlal.
   709 | D        | Found a sacrificial altar of Ru.
   709 | D        | Found a burning altar of Makhleb.
   709 | D        | Found a shimmering altar of Xom.
   709 | D        | Noticed a spatial vortex
   710 | D        | Killed a spatial vortex
   710 | D        | Reached skill level 1 in Summonings
   710 | D        | Reached XP level 8. HP: 31/36 MP: 21/23
   717 | D        | Learned a level 5 spell: Phase Shift
   717 | D        | Found a viscous altar of Jiyva.
   717 | D        | Found a shadowy altar of Dithmenos.
   717 | D        | Found a sparkling altar of Nemelex Xobeh.
   717 | D        | Found a corrupted altar of Lugonu.
   717 | D        | Found an opulent altar of Gozag.
   722 | D        | Became a worshipper of Dithmenos the Shadowed
   764 | D        | Noticed a two-headed ogre
   764 | D        | Noticed a two-headed ogre
   769 | D        | Killed a two-headed ogre
   771 | D        | Killed a two-headed ogre
   773 | D        | Noticed a two-headed ogre
   774 | D        | Killed a two-headed ogre
   826 | D        | Killed Nessos
   882 | D        | Noticed a hill giant
   885 | D        | Killed a hill giant
   885 | D        | Reached skill level 14 in Stealth
   890 | D        | Noticed a hill giant
   890 | D        | Noticed Erolcha
   892 | D        | Killed Erolcha
   892 | D        | Reached skill level 10 in Dodging
   892 | D        | Reached skill level 5 in Translocations
   892 | D        | Reached skill level 5 in Ice Magic
   892 | D        | Reached XP level 9. HP: 39/39 MP: 23/25
   893 | D        | Killed a hill giant
   924 | D        | Noticed a redback
   931 | D        | Killed a redback
   931 | D        | Acquired Dithmenos's first power
   931 | D        | Reached skill level 15 in Stealth
   960 | D        | Noticed a trapdoor spider
   968 | D        | HP: 1/39 [trapdoor spider (20)]
   972 | D        | Killed a trapdoor spider
  1064 | D        | Noticed a trapdoor spider
  1070 | D        | Killed a trapdoor spider
  1129 | D        | Learned a level 5 spell: Summon Forest
  1137 | D        | Noticed a killer bee
  1137 | D        | Noticed a killer bee
  1137 | D        | Noticed a killer bee
  1137 | D        | Noticed a queen bee
  1137 | D        | Noticed a killer bee
  1137 | D        | Noticed a killer bee
  1137 | D        | Noticed a killer bee
  1137 | D        | Noticed a killer bee
  1137 | D        | Noticed a killer bee
  1137 | D        | Noticed a killer bee
  1137 | D        | Noticed a killer bee
  1137 | D        | Noticed a killer bee
  1137 | D        | Noticed a killer bee
  1137 | D        | Noticed a killer bee
  1137 | D        | Noticed a killer bee
  1137 | D        | Noticed a killer bee
  1137 | D        | Noticed a killer bee
  1138 | D        | Noticed a killer bee
  1139 | D        | Noticed a killer bee
  1140 | D        | Noticed a killer bee
  1140 | D        | Noticed a killer bee
  1140 | D        | Noticed a killer bee
  1141 | D        | Noticed a killer bee
  1141 | D        | Noticed a killer bee
  1141 | D        | Noticed a killer bee
  1141 | D        | Killed a killer bee
  1143 | D        | Noticed a killer bee
  1144 | D        | Killed a killer bee
  1144 | D        | Acquired Dithmenos's second power
  1145 | D        | Noticed a killer bee
  1146 | D        | Killed a killer bee
  1148 | D        | Killed a killer bee
  1150 | D        | Noticed a killer bee
  1150 | D        | Killed a killer bee
  1152 | D        | Killed a killer bee
  1154 | D        | Noticed a killer bee
  1154 | D        | Killed a killer bee
  1154 | D        | Acquired Dithmenos's third power
  1157 | D        | Noticed a killer bee
  1158 | D        | Killed a killer bee
  1159 | D        | Noticed a killer bee
  1160 | D        | Noticed a killer bee
  1160 | D        | Killed a killer bee
  1305 | D        | Killed a killer bee
  1306 | D        | Killed a killer bee
  1308 | D        | Noticed a killer bee
  1309 | D        | Killed a killer bee
  1311 | D        | Killed a killer bee
  1314 | D        | Killed a killer bee
  1314 | D        | Acquired Dithmenos's fourth power
  1316 | D        | Killed a killer bee
  1321 | D        | Killed a killer bee
  1321 | D        | Reached skill level 5 in Conjurations
  1323 | D        | Killed a killer bee
  1323 | D        | Reached skill level 16 in Stealth
  1325 | D        | Killed a killer bee
  1329 | D        | Killed a killer bee
  1333 | D        | Killed a killer bee
  1336 | D        | Killed a killer bee
  1498 | D        | Killed a killer bee
  1500 | D        | Killed a killer bee
  1502 | D        | Killed a killer bee
  1511 | D        | Killed a killer bee
  1548 | D        | Killed a killer bee
  1553 | D        | Killed a killer bee
  1557 | D        | Killed a killer bee
  1558 | D        | Killed a killer bee
  1558 | D        | Reached XP level 10. HP: 24/44 MP: 17/27
  1561 | D        | Killed a killer bee
  1564 | D        | Killed a queen bee
  1564 | D        | Reached skill level 10 in Hexes
  1583 | D        | Killed a killer bee
  1588 | D        | Killed a killer bee
  1786 | D        | Noticed Sigmund
  1787 | D        | Noticed Edmund
  2031 | D        | Killed Edmund
  2155 | D        | Killed Sigmund
  2155 | D        | Reached skill level 18 in Stealth
  2155 | D        | Reached skill level 5 in Summonings
  2155 | D        | Reached XP level 11. HP: 47/47 MP: 22/30
  2195 | D        | Learned a level 5 spell: Warp Weapon
  2202 | D        | Noticed an orc priest
  2203 | D        | Noticed an orc high priest
  2205 | D        | Noticed a sun demon
  2205 | D        | Killed an orc high priest
  2241 | D        | Killed an orc priest
  2245 | D        | Killed an orc high priest
  2269 | D        | Killed a yaktaur
  2380 | D        | Noticed a wandering mushroom
  2381 | D        | Noticed a wandering mushroom
  2381 | D        | Noticed a wandering mushroom
  2382 | D        | Killed a wandering mushroom
  2382 | D        | Reached skill level 1 in Charms
  2384 | D        | Killed a wandering mushroom
  2385 | D        | Killed a wandering mushroom
  2391 | D        | Noticed a spiny frog
  2391 | D        | Noticed a komodo dragon
  2391 | D        | Noticed a spiny frog
  2393 | D        | Killed a spiny frog
  2394 | D        | Killed a spiny frog
  2396 | D        | Killed a komodo dragon
  2398 | D        | Noticed a redback
  2400 | D        | Killed a redback
  2401 | D        | Noticed a brain worm
  2404 | D        | Killed a brain worm
  2410 | D        | Noticed a brain worm
  2413 | D        | Killed a brain worm
  2413 | D        | Reached skill level 10 in Translocations
  2416 | D        | Noticed a lindwurm
  2418 | D        | Noticed a redback
  2419 | D        | Killed a lindwurm
  2421 | D        | Killed a redback
  2421 | D        | Reached skill level 10 in Short Blades
  2428 | D        | Noticed a redback
  2434 | D        | Killed a redback
  2435 | D        | Noticed Maud
  2440 | D        | Killed Maud
  2440 | D        | Reached skill level 19 in Stealth
  2440 | D        | Reached skill level 15 in Spellcasting
  2534 | D        | Noticed a swamp drake
  2534 | D        | Noticed a fire drake
  2535 | D        | Killed a fire drake
  2539 | D        | Killed a swamp drake
  2548 | D        | Noticed a blink frog
  2548 | D        | Noticed a blink frog
  2548 | D        | Noticed a blink frog
  2549 | D        | Noticed a blink frog
  2549 | D        | Noticed a blink frog
  2550 | D        | Killed a blink frog
  2560 | D        | Killed a blink frog
  2563 | D        | Killed a blink frog
  2570 | D        | Killed a blink frog
  2570 | D        | Reached skill level 5 in Charms
  2573 | D        | Killed a blink frog
  2691 | D        | Noticed Rupert
  2693 | D        | Killed Rupert
  2699 | D        | Noticed a death yak
  2700 | D        | Noticed a death yak
  2700 | D        | Noticed a blink frog
  2701 | D        | Noticed an azure jelly
  2701 | D        | Noticed a death yak
  2701 | D        | Noticed an azure jelly
  2701 | D        | Noticed a blink frog
  2701 | D        | Noticed a death yak
  2717 | D        | Killed a death yak
  2717 | D        | Reached XP level 12. HP: 34/51 MP: 7/32
  2832 | D        | Noticed a black mamba
  2834 | D        | Noticed a blink frog
  2835 | D        | Noticed a black mamba
  2837 | D        | Killed a blink frog
  3092 | D        | Killed a ball lightning
  3092 | D        | Killed a ball lightning
  3092 | D        | Killed a ball lightning
  3092 | D        | Killed a shadow wraith
  3108 | D        | Killed a ball lightning
  3183 | D        | Killed a black mamba
  3185 | D        | Killed a black mamba
  3185 | D        | Reached skill level 20 in Stealth
  3188 | D        | Killed a blink frog
  3193 | D        | Killed a blink frog
  3246 | D        | Killed a death yak
  3339 | D        | Killed a death yak
  3364 | D        | Killed a ball lightning
  3408 | D        | Killed a spriggan defender
  3433 | D        | Killed a spriggan defender
  3455 | D        | Noticed a water moccasin
  3455 | D        | Noticed an anaconda
  3455 | D        | Noticed an anaconda
  3458 | D        | Killed an anaconda
  3462 | D        | Killed an anaconda
  3463 | D        | Killed a water moccasin
  3482 | D        | Noticed an anaconda
  3482 | D        | Noticed a black mamba
  3483 | D        | Killed a black mamba
  3485 | D        | Killed an anaconda
  3504 | D        | Noticed a black mamba
  3505 | D        | Noticed an anaconda
  3513 | D        | Killed an anaconda
  3527 | D        | Killed a black mamba
  3675 | D        | Killed a spriggan defender
  3679 | D        | Killed a yaktaur
  3757 | D        | Noticed a naga
  3757 | D        | Noticed a naga
  3758 | D        | Noticed a naga warrior
  3758 | D        | Noticed a greater naga
  3758 | D        | Found Umyjoiqaky's Antique Armour Boutique.
  3758 | D        | Found Mokisuteby's Distillery.
  3759 | D        | Noticed a guardian serpent
  3759 | D        | Found Iruq's Book Shop.
  3770 | D        | Killed a guardian serpent
  3770 | D        | Killed a naga
  3771 | D        | Killed a naga
  3906 | D        | Killed a naga warrior
  4048 | D        | Killed a spriggan defender
  4051 | D        | Killed an electric eel
  4088 | D        | Killed a skeletal warrior
  4143 | D        | Killed a greater naga
  4143 | D        | Reached skill level 21 in Stealth
  4202 | D        | Killed a deep elf blademaster
  4208 | D        | Killed a death yak
  4228 | D        | Got a serpentine rune of Zot
  4299 | D        | Killed a deep elf blademaster
  4300 | D        | Noticed an azure jelly
  4300 | D        | Noticed an azure jelly
  4301 | D        | Noticed an elephant
  4301 | D        | Noticed an elephant
  4301 | D        | Noticed a dire elephant
  4301 | D        | Noticed a dire elephant
  4301 | D        | Noticed Gastronok
  4303 | D        | Killed Gastronok
  4303 | D        | Reached skill level 15 in Dodging
  4304 | D        | Killed a dire elephant
  4304 | D        | Reached XP level 13. HP: 55/55 MP: 35/35
  4306 | D        | Killed a dire elephant
  4309 | D        | Killed an elephant
  4311 | D        | Killed an elephant
  4565 | D        | Found Ynex's Assorted Antiques.
  4565 | D        | Noticed an orc sorcerer
  4565 | D        | Noticed an orc knight
  4565 | D        | Noticed an orc warrior
  4565 | D        | Noticed an orc wizard
  4567 | D        | Killed an orc wizard
  4568 | D        | Noticed an orc wizard
  4568 | D        | Killed an orc wizard
  4569 | D        | Noticed an orc knight
  4569 | D        | Killed an orc sorcerer
  4571 | D        | Noticed an orc wizard
  4573 | D        | Killed an orc knight
  4573 | D        | Killed an orc warrior
  4574 | D        | Noticed an orc priest
  4575 | D        | Noticed an orc priest
  4580 | D        | Killed an orc knight
  4580 | D        | Reached skill level 10 in Charms
  4583 | D        | Killed an orc wizard
  4586 | D        | Killed an orc priest
  4588 | D        | Killed an orc priest
  4687 | D        | Bought a potion of heal wounds for 120 gold pieces
  4747 | D        | Noticed a deep elf knight
  4747 | D        | Noticed a deep elf summoner
  4747 | D        | Noticed a deep elf summoner
  4747 | D        | Noticed a deep elf summoner
  4747 | D        | Noticed a deep elf conjurer
  4753 | D        | Noticed a deep elf annihilator
  4755 | D        | Killed a deep elf summoner
  4755 | D        | Reached skill level 22 in Stealth
  4756 | D        | Killed a deep elf knight
  4757 | D        | Killed a deep elf conjurer
  4758 | D        | Killed a deep elf summoner
  4760 | D        | Killed a deep elf summoner
  4761 | D        | Noticed a deep elf annihilator
  4763 | D        | Noticed a deep elf conjurer
  4764 | D        | Noticed a deep elf demonologist
  4889 | D        | Noticed an electric eel
  4890 | D        | Noticed an eight-headed hydra
  4890 | D        | Noticed a four-headed hydra
  4891 | D        | Killed an electric eel
  4893 | D        | Killed an eight-headed hydra
  4894 | D        | Killed a four-headed hydra
  4906 | D        | Noticed a death drake
  4909 | D        | Killed a death drake
  4971 | D        | Noticed a swamp drake
  4971 | D        | Noticed a swamp dragon
  4972 | D        | Noticed a swamp dragon
  4972 | D        | Noticed a swamp dragon
  4973 | D        | Killed a swamp drake
  4974 | D        | Noticed a swamp dragon
  4974 | D        | Noticed a swamp dragon
  4974 | D        | Noticed a swamp drake
  4974 | D        | Found Ashresu's Gadget Emporium.
  4974 | D        | Found Tabahepy's Food Shop.
  4974 | D        | Found Jodwim's Antique Armour Shoppe.
  4977 | D        | Killed a swamp dragon
  4983 | D        | Killed a swamp dragon
  4985 | D        | Killed a swamp drake
  4987 | D        | Killed a swamp dragon
  4989 | D        | Killed a swamp dragon
  4993 | D        | Killed a swamp dragon
  5053 | D        | Bought an ancient fire dragon armour for 1560 gold pieces
  5063 | D        | Identified the +6 fire dragon armour of Toywnuij {*Drain rElec rF++ rC- rCorr Int+2} (You bought it in a shop in the Dungeon)
  5081 | D        | Noticed an eight-headed hydra
  5081 | D        | Noticed the 27-headed Lernaean hydra
  5087 | D        | HP: 2/55 [the 27-headed Lernaean hydra (7)]
  5087 | D        | Slain by the 27-headed Lernaean hydra

Vault maps used:
D:        dungeon_sprint_mu

Action                   |  1- 3 |  4- 6 |  7- 9 | 10-12 | 13-15 || total
-------------------------+-------+-------+-------+-------+-------++-------
Melee: Dagger            |    12 |    13 |    70 |   106 |    13 ||   214
       Rapier            |       |       |       |       |    80 ||    80
 Cast: Corona            |     1 |       |       |       |       ||     1
       Ensorcelled Hiber |     3 |       |    43 |    57 |    12 ||   115
       Confuse           |       |     3 |     5 |    15 |       ||    23
       Dazzling Spray    |       |     3 |     3 |    21 |     3 ||    30
       Phase Shift       |       |       |       |     1 |       ||     1
       Gell's Gravitas   |       |       |       |     5 |    10 ||    15
       Force Lance       |       |       |       |     6 |     1 ||     7
       Warp Weapon       |       |       |       |     3 |       ||     3
Invok: Shadow Step       |       |       |       |    12 |     4 ||    16
  Use: Scroll            |     3 |       |       |       |       ||     3
       Potion            |     2 |       |     2 |       |       ||     4
 Stab: Sleeping          |     4 |     4 |    37 |    44 |    23 ||   112
       Confused          |       |     2 |     3 |     5 |       ||    10
       Invisible         |       |       |     2 |     5 |       ||     7
       Distracted        |       |       |     1 |       |       ||     1
  Eat: Fruit             |       |       |       |     3 |       ||     3
       Pizza             |       |       |       |     1 |       ||     1
